 Dungeon Crawl Stone Soup version 0.29-a0-613-gf2c431b9b9 (webtiles) character file.

Game seed: 1100017196083725014

5903 HoaS the Marksgargoyle (level 10, -9/53 HPs)
             Began as a Gargoyle Hunter on June 16, 2022.
             Was a High Priest of Okawaru.
             Mangled by an ogre
             ... wielding a +0 giant spiked club
              (26 damage)
             ... on level 9 of the Dungeon.
             The game lasted 00:25:00 (9309 turns).

HoaS the Marksgargoyle (Gargoyle Hunter)            Turns: 9309, Time: 00:25:01

Health: -9/53      AC: 16    Str: 16    XL:     10   Next: 82%
Magic:  12/12      EV: 12    Int:  9    God:    Okawaru [*****.]
Gold:   1025       SH:  0    Dex: 17    Spells: 9/9 levels left

rFire   . . .      SeeInvis .   a - +4 shortbow
rCold   + . .      Faith    .   (shield currently unavailable)
rNeg    + . .      Spirit   .   y - +3 leather armour {rC+}
rPois   ∞          Reflect  .   d - +1 helmet
rElec   +          Harm     .   (no cloak)
rCorr   .          Rampage  .   m - +0 pair of gloves
Will    .....                   (no boots)
Stlth   ++........              (no amulet)
HPRegen 0.17/turn               b - +4 ring of slaying
MPRegen 0.13/turn               n - ring of flight

@: flying, studying Spellcasting
A: sickness immunity, AC +7, negative energy resistance 1, electricity
resistance, torment resistance 1, petrification resistance
a: Renounce Religion, Heroism, Finesse, Duel


You were on level 9 of the Dungeon.
You worshipped Okawaru.
Okawaru was extremely pleased with you.
You visited 2 branches of the dungeon, and saw 10 of its levels.

You collected 1025 gold pieces.

Inventory:

Hand Weapons
 a - a +4 shortbow (weapon)
 t - a +0 longbow
Missiles
 q - 3 throwing nets
Armour
 d - a +1 helmet (worn)
 m - a +0 pair of gloves (worn)
 y - a +3 leather armour of cold resistance (worn)
Jewellery
 b - a +4 ring of slaying (left hand)
 n - a ring of flight (right hand)
 v - a ring of fire
Wands
 j - a wand of flame (30)
Scrolls
 c - 2 scrolls of immolation
 f - 2 scrolls of magic mapping
 g - a scroll of fog
 o - 3 scrolls of teleportation
 w - 2 scrolls of blinking
Potions
 e - 2 potions of mutation
 h - 3 potions of flight
 i - 4 potions of curing
 l - 2 potions of attraction
 p - a potion of berserk rage
 r - a potion of resistance
 u - a potion of cancellation {unknown}
 x - a potion of brilliance {unknown}
 z - a potion of invisibility {unknown}


   Skills:
 - Level 2.1 Fighting
 * Level 15.8 Bows
 - Level 1.5 Dodging
 - Level 1.1 Stealth
 - Level 3.0 Invocations


You had 9 spell levels left.
You didn't know any spells.
Your spell library contained the following spells:

 Spells                   Type           Power      Damage    Failure   Level
 Apportation              Tloc           0%         N/A       45%         1
 Foxfire                  Conj/Fire      0%         2x1d4     45%         1
 Magic Dart               Conj           0%         1d3       45%         1
 Necrotize                Necr           0%         1d4       45%         1
 Conjure Flame            Conj/Fire      0%         6-21      83%         3
 Gell's Gravitas          Tloc           0%         N/A       83%         3
 Inner Flame              Hex/Fire       0%         N/A       83%         3
 Lesser Beckoning         Tloc           0%         N/A       83%         3
 Mephitic Cloud           Conj/Pois/Air  0%         N/A       83%         3
 Portal Projectile        Hex/Tloc       0%         N/A       83%         3
 Teleport Other           Tloc           0%         N/A       83%         3
 Flame Wave               Conj/Fire      0%         2d4       99%         4
 Leda's Liquefaction      Hex/Erth       0%         N/A       99%         4
 Passage of Golubria      Tloc           0%         N/A       99%         4
 Blade Hands              Tmut           0%         N/A       100%        5
 Silence                  Hex/Air        0%         N/A       100%        5
 Lehudib's Crystal Spear  Conj/Erth      0%         10d2      100%        8
 Summon Small Mammal      Summ           Unusable   N/A       N/A         1
 Call Imp                 Summ           Unusable   N/A       N/A         2
 Call Canine Familiar     Summ           Unusable   N/A       N/A         3
 Summon Guardian Golem    Hex/Summ       Unusable   N/A       N/A         3
 Tukima's Dance           Hex            Unusable   N/A       N/A         3

Dungeon Overview and Level Annotations

Branches:
Dungeon (9/15)             Temple (1/1) D:4            Lair (0/6) D:9
    Orc (0/2) D:9

Altars:
Ashenzari
Cheibriados
Dithmenos
Elyvilon
Fedhas
Gozag
Hepliaklqana
Kikubaaqudgha
Makhleb
Nemelex Xobeh
Okawaru
Qazlal
Ru
Sif Muna
Trog
Uskayaw
Vehumet
Wu Jian
Xom
Yredelemnul
Zin
The Shining One

Shops:
D:3 :

Annotations:
D:9 Joseph


Innate Abilities, Weirdness & Mutations

You are immune to sickness and miasma.
Your stone body is resilient. (AC +7)
You are immune to poison.
You resist negative energy. (rN+)
You are resistant to electric shocks. (rElec)
You are resistant to unholy torment.
You are immune to petrification.


Message History

Aim: a kobold brigand, wielding a +0 dagger and quivering poisoned darts (almost dead, 69% to hit)
You shoot an arrow. The arrow hits the kobold brigand!
You kill the kobold brigand!
Okawaru accepts your kill.
You feel a little less mighty now.
Shoot: a) +4 shortbow
Press: ? - help, Q - select action, (/) - cycle Shift-Dir - straight line, f - ogre
Aim: an ogre, wielding a +0 giant spiked club (83% to hit)
You shoot an arrow. The arrow closely misses the ogre.
The arrow hits the kobold brigand.
The kobold brigand is lightly wounded.
Shoot: a) +4 shortbow
Press: ? - help, Q - select action, (/) - cycle Shift-Dir - straight line, f/p - ogre
Aim: an ogre, wielding a +0 giant spiked club (83% to hit)
You shoot an arrow.
The arrow hits the ogre but does no damage.
The ogre hits you with a +0 giant spiked club!
Shoot: a) +4 shortbow
Press: ? - help, Q - select action, (/) - cycle Shift-Dir - straight line, f/p - ogre
Aim: an ogre, wielding a +0 giant spiked club (83% to hit)
You shoot an arrow. The arrow closely misses the ogre.
The arrow hits the kobold brigand but does no damage.
The kobold brigand is lightly wounded.
Shoot: a) +4 shortbow
Press: ? - help, Q - select action, (/) - cycle Shift-Dir - straight line, f/p - ogre
Aim: an ogre, wielding a +0 giant spiked club (83% to hit)
You shoot an arrow. The arrow hits the ogre.
The ogre is lightly wounded.
The ogre hits you with a +0 giant spiked club!
* * * LOW HITPOINT WARNING * * *
Shoot: a) +4 shortbow
Press: ? - help, Q - select action, (/) - cycle Shift-Dir - straight line, f/p - ogre
Aim: an ogre, wielding a +0 giant spiked club (lightly wounded, 83% to hit)
You shoot an arrow. The arrow hits the ogre.
The ogre is moderately wounded.
You are too injured to fight recklessly!
Unknown command.
You feel better.
The ogre hits you with a +0 giant spiked club!!
You die...

#....###### #.###.##...####
#....# ##...####.## #..###
##### #.# #..# ###.# #..#
#####...# #..# #.......# #..#
#.#.###.# #..# #########.#
#.#####
...############.@OKo....#
#.....#
.).........)..))###'#####
#(###.# .#.##.#.###.#####
...8#####.# #.# ...##.#.# #.#
OgKOK#.....# #.#
.#.##.#)###.#####KooKO###.###
#.# .#..#.#.##.....##OTgKo#
#.# #.#
.##.#.#)##.###.##8o..8###.#
#.# .##.#.#.##.#
#.########.#.# #.#
.#....#.##.###<# #.#.#.# #.#


You could see a kobold brigand, an ogre and an orc.

Vanquished Creatures
  2 trolls
  Sigmund (D:2)
  A wyvern (D:8)
  6 yaks (D:8)
  An acid dragon (D:9)
  Edmund (D:5)
  A water moccasin (D:8)
  A sky beast (D:6)
  A black bear (D:4)
  3 orc warriors
  6 ogres
  3 ice beasts
  4 centaurs
  2 phantoms (D:6)
  6 kobold brigands (D:9)
  5 bullfrogs
  5 scorpions
  4 gnoll sergeants (D:9)
  4 wights (D:8)
  A hound (D:5)
  3 jellies
  2 orc priests
  2 gnoll shamans
  Terence (D:3)
  4 iguanas
  4 orc wizards
  6 adders
  13 gnolls
  5 white imps
  4 worms
  2 dart slugs
  30 orcs
  15 ball pythons
  4 bats
  5 endoplasms
  5 giant cockroaches
  17 goblins
  4 hobgoblins
  15 kobolds
  7 quokkas
  3 frilled lizards
  12 rats
  A spectral goblin (D:2)
222 creatures vanquished.

Vanquished Creatures (others)
  3 plants (D:1)
3 creatures vanquished.

Grand Total: 225 creatures vanquished

Notes
Turn   | Place    | Note
-------+----------+-------------------------------------------
     0 | D:1      | HoaS the Gargoyle Hunter began the quest for the Orb.
     0 | D:1      | Reached XP level 1. HP: 12/12 MP: 1/1
   171 | D:1      | Reached XP level 2. HP: 17/17 MP: 2/2
   738 | D:1      | Reached XP level 3. HP: 21/21 MP: 3/3
   791 | D:1      | Reached skill level 5 in Bows
  1562 | D:2      | Found a glowing silver altar of Zin.
  1794 | D:2      | Reached XP level 4. HP: 12/26 MP: 4/4
  2326 | D:2      | Noticed Sigmund
  2458 | D:2      | Found a faded altar of an unknown god.
  2892 | D:3      | Reached skill level 6 in Bows
  2948 | D:3      | Reached XP level 5. HP: 30/30 MP: 5/5
  3006 | D:3      | Found Cumucorgh's Book Shoppe.
  3337 | D:3      | Noticed Terence
  3344 | D:3      | Killed Terence
  3625 | D:4      | Reached skill level 7 in Bows
  3672 | D:4      | Reached XP level 6. HP: 35/35 MP: 6/6
  3733 | D:4      | Found a staircase to the Ecumenical Temple.
  3736 | D:4      | Found a glowing golden altar of the Shining One.
  3742 | Temple   | Entered the Ecumenical Temple
  3815 | Temple   | Became a worshipper of Warmaster Okawaru
  4137 | D:4      | Noticed a black bear
  4143 | D:4      | Killed a black bear
  4144 | D:4      | Reached skill level 1 in Invocations
  4385 | D:5      | Entered Level 5 of the Dungeon
  4392 | D:5      | Reached skill level 8 in Bows
  4392 | D:5      | Reached XP level 7. HP: 40/40 MP: 8/8
  4804 | D:5      | Noticed Edmund
  4813 | D:5      | Killed Edmund
  4813 | D:5      | Reached * piety under Okawaru
  4821 | D:5      | Reached skill level 9 in Bows
  4821 | D:5      | Reached XP level 8. HP: 33/44 MP: 10/10
  4883 | D:5      | Noticed a gargoyle
  5938 | D:2      | Killed Sigmund
  6142 | D:5      | Reached skill level 10 in Bows
  6276 | D:6      | Reached ** piety under Okawaru
  6520 | D:6      | Reached skill level 11 in Bows
  6716 | D:6      | Reached XP level 9. HP: 46/48 MP: 11/11
  7054 | D:7      | Noticed a troll
  7054 | D:7      | You fall into a shaft and drop 2 floors!
  7059 | D:9      | Found a staircase to the Lair.
  7359 | D:8      | Reached skill level 12 in Bows
  7462 | D:8      | Reached *** piety under Okawaru
  7584 | D:8      | Reached skill level 13 in Bows
  8073 | D:7      | Reached XP level 10. HP: 53/53 MP: 12/12
  8074 | D:7      | Reached **** piety under Okawaru
  8075 | D:7      | Reached skill level 14 in Bows
  8999 | D:9      | Reached skill level 15 in Bows
  9070 | D:9      | Noticed Joseph
  9232 | D:9      | Found a staircase to the Orcish Mines.
  9263 | D:9      | Reached ***** piety under Okawaru
  9302 | D:9      | Identified the +5 scale mail of Polish {Regen+} (Okawaru
                  | gifted it to you on level 9 of the Dungeon)
  9302 | D:9      | Received a gift from Okawaru
  9309 | D:9      | Mangled by an ogre

Illustrated notes

Levels and vault maps discovered:
D:1:      kilobyte_arrival_exit_the_forest, layout_loops_ring,
          minmay_misc_feat_iff, minmay_misc_feat_x, minmay_rat_gold_closets
D:2:      minmay_alternating_diamond, layout_loops_ring, basic_altar,
          dreamdust_ecumenical_altar_drowned_temple, roderic_lattice_a,
          uniq_sigmund
D:3:      layout_loops_ring, serial_shops, nicolae_diamond_shop, uniq_terence
D:4:      minmay_polygon_palace, layout_basic, mainiacjoe_overflow_boulevard
D:5:      cheibrodos_quashed, layout_rooms, minmay_manual_mess, uniq_edmund
D:6:      layout_rooms
D:7:      layout_cave_pools, chequers_serial_rivers_room_a, minivault_1,
          st_stairs_6
D:8:      layout_cave_pools
D:9:      layout_loops_ring, lair_entry_dummy,
          kennysheep_orc_monster_closet_entryway, uniq_joseph
Temple:   grunt_wide_crystal_templ

Skill      XL: |  1  2  3  4  5  6  7  8  9 10 |
---------------+-------------------------------+-----
Bows           | 5 6 7 8 9 11 13 15 | 15.8
Invocations    | 2 3 |  3.0
Fighting       | |  2.1
Dodging        | |  1.5
Stealth        | |  1.1

Action                   |  1- 3 |  4- 6 |  7- 9 | 10-12 || total
-------------------------+-------+-------+-------+-------++-------
 Fire: Shortbow          |   153 |   158 |   240 |   181 ||   732
Invok: Heroism           |       |       |     3 |     1 ||     4
Evoke: Wand              |       |       |     1 |       ||     1
  Use: Scroll            |     7 |     9 |     5 |       ||    21
       Potion            |       |     1 |     3 |     3 ||     7
Armor: Leather armour    |    40 |       |     3 |    27 ||    70
       Ring mail         |       |    20 |    34 |       ||    54
Dodge: Dodged            |    53 |    20 |    41 |    33 ||   147

Table legend: (Time is in decaauts)
 A = Elapsed time spent in this place.
 B = Non-inter-level travel time spent in this place.
 C = Inter-level travel time spent in this place.
 D = Time resting spent in this place.
 E = Time spent auto-exploring this place.
 F = Levels seen in this place.
 G = Mean time per level.
                   A        B        C        D        E       F      G
               +--------+--------+--------+--------+--------+-----+--------+
         Total |   9388 |   8835 |    553 |   2578 |   4480 |  10 |  938.8 |
       Dungeon |   9306 |   8780 |    526 |   2578 |   4443 |   9 | 1034.0 |
        Temple |     81 |     54 |     27 |      0 |     37 |   1 |   81.0 |
               +--------+--------+--------+--------+--------+-----+--------+

Top non-repeatable levels by time:
     D:3: 1699 daAuts
     D:1: 1483 daAuts
     D:2: 1418 daAuts
     D:4: 1170 daAuts
     D:9: 946 daAuts
     D:6: 784 daAuts
     D:8: 666 daAuts
     D:7: 591 daAuts
     D:5: 546 daAuts
  Temple: 81 daAuts
